 Dungeon Crawl Stone Soup version 0.19-a0-1090-g3c1ee9c (webtiles) character file.

13990 Yllodra the Cleaver (level 11, -8/133 (135) HPs)
             Began as a Demonspawn Berserker on Aug 7, 2016.
             Was a High Priest of Trog.
             Mangled by a 12-headed hydra (9 damage)
             ... on level 13 of the Dungeon.
             The game lasted 00:44:53 (10861 turns).

Yllodra the Cleaver (Demonspawn Berserker)         Turns: 10861, Time: 00:44:53

HP:   -8/133 (135)  AC: 13    Str: 26    XL:     11   Next: 82%
MP:   11/11         EV:  9    Int:  8    God:    Trog [*****.]
Gold: 253           SH:  0    Dex: 13    Spells: 0 memorised, 10 levels left

rFire  + . .     SeeInvis .     D - +2 battleaxe
rCold  . . .     Gourm    .     i - +0 chain mail
rNeg   . . .     Faith    .     (shield currently unavailable)
rPois  +         Spirit   .     (helmet restricted)
rElec  .         Dismiss  .     (no cloak)
rCorr  .         Reflect  .     (no gloves)
SustAt .         Harm     .     a - +1 pair of boots
MR     .....                    S - amulet of regeneration
Stlth  ..........               k - ring of protection from fire
                                f - ring of poison resistance

@: berserking, very quick
A: antennae 1, yellow scales 2, nightstalker 1, spiny 2
a: Berserk, Trog's Hand, Brothers in Arms, Burn Spellbooks, Renounce Religion


You were on level 13 of the Dungeon.
You worshipped Trog.
Trog was extremely pleased with you.
You were hungry.

You visited 1 branch of the dungeon, and saw 13 of its levels.

You collected 763 gold pieces.
You spent 510 gold pieces at shops.

Inventory:

Hand Weapons
 D - a +2 battleaxe (weapon)
 P - a +1 antimagic broad axe
Missiles
 h - 21 tomahawks (quivered)
 R - 7 poisoned javelins
Armour
 a - a +1 pair of boots (worn)
 i - a +0 chain mail (worn)
 p - a +0 large shield
 G - a +2 shield
 I - the +1 buckler of the Nightingale {rPois Str+3, unknown}
   (You acquired it on level 12 of the Dungeon)

   It affects your strength (+3).
   It protects you from poison.
 K - the +5 ring mail of the Ward {MR- rCorr Str+6}
   (You found it on level 6 of the Dungeon)

   It affects your strength (+6).
   It affects your resistance to hostile enchantments.
   It protects you from acid and corrosion.
 X - a cursed +0 scale mail
Jewellery
 f - a ring of poison resistance (left hand)
 k - a ring of protection from fire (right hand)
 E - an uncursed ring of flight
 Q - a +3 amulet of reflection
 S - an amulet of regeneration (around neck)
 V - an uncursed ring of resist corrosion
Wands
 j - a wand of polymorph (18/24)
 x - a wand of lightning (12/15)
 C - a wand of slowing (12/48)
 L - a wand of slowing (22/48)
 N - a wand of polymorph (19/24)
 T - a wand of enslavement (18/24)
Scrolls
 e - 3 scrolls of enchant weapon
 l - a scroll of fog
 n - 3 scrolls of recharging
 q - 4 scrolls of identify
 s - a scroll of magic mapping
 t - 6 scrolls of teleportation
 y - 7 scrolls of remove curse
 B - a scroll of random uselessness
 F - a scroll of enchant armour
Potions
 b - a potion of lignification
 d - a potion of berserk rage
 g - 2 potions of haste
 m - 3 potions of brilliance
 r - 2 potions of resistance
 u - 2 potions of cancellation
 v - a potion of invisibility
 z - 2 potions of flight
 A - 7 potions of curing
 O - a potion of might
 Y - a potion of agility
Books
 w - Sif Muna's Volume of Transformation and Lightness
   (You found it on level 10 of the Dungeon)

   Spells                             Type                      Level
   a - Beastly Appendage              Transmutation                1
   b - Ice Form                       Ice/Transmutation            4
   c - Summon Lightning Spire         Summoning/Air                4
   d - Silence                        Hexes/Air                    5
   e - Conjure Ball Lightning         Conjuration/Air              6
   Trog disapproves of the use of such an item.
 J - a book of Changes

   Spells                             Type                      Level
   a - Beastly Appendage              Transmutation                1
   b - Sticks to Snakes               Transmutation                2
   c - Spider Form                    Transmutation/Poison         3
   d - Ice Form                       Ice/Transmutation            4
   e - Blade Hands                    Transmutation                5
   Trog disapproves of the use of such an item.
Comestibles
 c - 8 bread rations
 o - a slice of pizza
 H - 3 meat rations
 M - 8 beef jerkies
 W - 2 fruits


   Skills:
 - Level 10.0 Fighting
 + Level 14.9 Axes
 - Level 1.7 Armour
 - Level 1.7 Dodging


You had 10 spell levels left.
You didn't know any spells.

Dungeon Overview and Level Annotations

Branches:
Dungeon (13/15)            Temple (0/1) D:6            Lair (0/6) D:8
    Orc (0/2) D:9
 Vaults: D:13-14

Altars:
Cheibriados
Dithmenos
Makhleb
Vehumet
Xom
Yredelemnul
Zin
The Shining One

Shops:
D:10 *=

Annotations:
D:4 Grinder


Innate Abilities, Weirdness & Mutations

You have a pair of small antennae on your head.
You are mostly covered in yellow scales. (AC +3)
You are slightly more attuned to the shadows.
You are mostly covered in sharp spines.


Message History

* * * LOW HITPOINT WARNING * * *
The 11-headed hydra bites you!
* * * LOW HITPOINT WARNING * * *
The 11-headed hydra completely misses you.
The 11-headed hydra bites you but does no damage.
You chop one of the 11-headed hydra's heads off!
The ten-headed hydra grows two more!
You cut the 12-headed hydra into ribbons!!!
The 12-headed hydra is almost dead.
The 12-headed hydra closely misses you. The 12-headed hydra bites you!
* * * LOW HITPOINT WARNING * * *
The 12-headed hydra bites you.
* * * LOW HITPOINT WARNING * * *
The 12-headed hydra barely misses you. The 12-headed hydra bites you.
* * * LOW HITPOINT WARNING * * *
The 12-headed hydra misses you. The 12-headed hydra bites you.
* * * LOW HITPOINT WARNING * * *
The 12-headed hydra barely misses you. The 12-headed hydra closely misses you.
The 12-headed hydra bites you!
You die...

### ####.##
##.#>..##
#...#...##
##..#....##
#........#
##.#....###
###..รท##.##
#..D@....#
#.......##
##)...###
#...## #...#
##...##
#.....##
##.....#
#....##


You could see a 12-headed hydra.

Vanquished Creatures
  The ghost of Arkorax the Carver, a journeyman VSFi of Gozag (D:11)
  Urug (D:10)
  The ghost of Vesto the Thaumaturge, a novice DENe of Kikubaaqudgha (D:9)
  An unseen horror (D:10)
  A hill giant (D:11)
  2 ugly things
  A manticore (D:11)
  A cyclops (D:12)
  An elephant (D:8)
  5 trolls
  2 wraiths
  9 yaks
  2 wyverns
  Eustachio (D:6)
  2 hungry ghosts
  4 hippogriffs
  A water moccasin (D:11)
  6 black bears
  A phantom (D:4)
  2 sky beasts (D:6)
  2 ice beasts
  2 orc warriors (D:9)
  A wasp (D:11)
  2 necrophages
  The ghost of Booris the Sneak, an amateur NaIE (D:3)
  3 centaurs
  5 ogres
  Blork the orc (D:6)
  A big kobold (D:9)
  8 giant frogs
  3 gnoll sergeants (D:6)
  A wyvern skeleton (D:7)
  5 scorpions
  A water moccasin skeleton (D:4)
  9 wights
  3 howler monkeys
  3 crimson imps
  A giant frog zombie (D:12)
  A jelly (D:6)
  7 orc priests
  A centaur skeleton (D:4)
  13 hounds
  Ijyb (D:2)
  7 worker ants
  4 iguanas
  9 orc wizards
  A killer bee zombie (D:10)
  5 sheep
  A hound skeleton (D:7)
  A hound zombie (D:7)
  2 worker ant zombies
  A howler monkey skeleton (D:6)
  5 adders
  4 shadow imps
  An ooze (D:6)
  2 adder zombies
  An adder skeleton (D:4)
  A worm (D:4)
  6 giant geckos
  36 orcs
  2 ball pythons
  2 bats
  4 giant cockroaches
  6 goblins (D:1)
  8 hobgoblins
  5 jackals
  A quokka (D:4)
  A giant gecko skeleton (D:8)
  7 giant newts
  7 kobolds
  9 rats
259 creatures vanquished.

Notes
Turn   | Place    | Note
-------+----------+-------------------------------------------
     0 | D:1      | Yllodra the Demonspawn Berserker began the quest for the Orb.
     0 | D:1      | Reached XP level 1. HP: 18/18 MP: 1/1
   152 | D:1      | Reached skill level 3 in Axes
   299 | D:1      | Gained mutation: You are partially covered in sharp spines. [demonic ancestry]
   299 | D:1      | Reached XP level 2. HP: 24/24 MP: 2/2
   876 | D:2      | Reached XP level 3. HP: 29/29 MP: 3/3
   954 | D:2      | Found a snail-covered altar of Cheibriados.
   960 | D:2      | Noticed Ijyb
   969 | D:2      | Killed Ijyb
   969 | D:2      | Reached ** piety under Trog
   969 | D:2      | Reached skill level 4 in Axes
  1137 | D:2      | Found a basalt altar of Yredelemnul.
  1138 | D:2      | Found a shimmering altar of Xom.
  1301 | D:3      | Noticed Booris's ghost (amateur NaIE)
  1369 | D:3      | Killed Booris's ghost
  1369 | D:3      | Reached skill level 5 in Axes
  1369 | D:3      | Reached XP level 4. HP: 24/35 MP: 4/4
  1369 | D:3      | Reached XP level 5. HP: 29/41 MP: 5/5
  1956 | D:4      | Noticed an ogre
  1976 | D:4      | Killed an ogre
  1976 | D:4      | Reached skill level 6 in Axes
  1989 | D:4      | Found a glowing silver altar of Zin.
  1995 | D:4      | Noticed Grinder
  2021 | D:3      | Gained mutation: You are slightly more attuned to the shadows. [demonic ancestry]
  2021 | D:3      | Reached XP level 6. HP: 39/47 MP: 6/6
  2250 | D:4      | Reached skill level 7 in Axes
  2344 | D:4      | Gained mutation: You are partially covered in yellow scales. (AC +2) [demonic ancestry]
  2344 | D:4      | Reached XP level 7. HP: 36/52 MP: 7/7
  2550 | D:4      | Found a sand-covered staircase.
  2903 | D:5      | Entered Level 5 of the Dungeon
  3036 | D:5      | Reached skill level 8 in Axes
  3439 | D:6      | Reached *** piety under Trog
  3481 | D:6      | Reached skill level 9 in Axes
  3481 | D:6      | Reached XP level 8. HP: 39/58 MP: 8/8
  3631 | D:6      | Noticed Blork the orc
  3634 | D:6      | Found a staircase to the Ecumenical Temple.
  3643 | D:6      | Killed Blork the orc
  3962 | D:6      | Reached skill level 10 in Axes
  4055 | D:6      | Found a glowing golden altar of the Shining One.
  4707 | D:6      | Reached skill level 11 in Axes
  4757 | D:6      | Got a pitted ring mail
  4808 | D:6      | Noticed Eustachio
  4881 | D:6      | Killed Eustachio
  4881 | D:6      | Gained mutation: You are mostly covered in yellow scales. (AC +3) [demonic ancestry]
  4881 | D:6      | Reached XP level 9. HP: 57/65 MP: 9/9
  4924 | D:6      | Reached **** piety under Trog
  5163 | D:7      | Found a burning altar of Makhleb.
  5224 | D:7      | Reached skill level 5 in Fighting
  5495 | D:7      | Found a radiant altar of Vehumet.
  5936 | D:7      | Identified the +5 ring mail of the Ward {MR- rCorr Str+6} (You found it on level 6 of the Dungeon)
  6197 | D:8      | Noticed an elephant
  6216 | D:8      | Killed an elephant
  6216 | D:8      | Gained mutation: You have a pair of small antennae on your head. [demonic ancestry]
  6216 | D:8      | Reached XP level 10. HP: 78/82 MP: 10/10
  6246 | D:8      | Found a staircase to the Lair.
  6982 | D:9      | Reached ***** piety under Trog
  6990 | D:9      | Found a staircase to the Orcish Mines.
  7164 | D:9      | Reached skill level 10 in Fighting
  7192 | D:9      | Noticed Vesto's ghost (novice DENe)
  7246 | D:9      | Killed Vesto's ghost
  7543 | D:9      | Received a gift from Trog
  7544 | D:9      | Reached skill level 12 in Axes
  8152 | D:10     | Entered Level 10 of the Dungeon
  8152 | D:10     | Noticed Urug
  8160 | D:10     | Killed Urug
  8228 | D:10     | Gained mutation: You are mostly covered in sharp spines. [demonic ancestry]
  8228 | D:10     | Reached XP level 11. HP: 89/89 MP: 11/11
  8278 | D:10     | Found Upuewanali's General Store.
  8307 | D:10     | Found Geunian's Jewellery Boutique.
  8314 | D:10     | Bought an uncursed amulet of regeneration for 510 gold pieces
  8345 | D:10     | Identified Sif Muna's Volume of Transformation and Lightness
  8374 | D:10     | Killed an unseen horror
  8374 | D:10     | Reached skill level 13 in Axes
  8785 | D:11     | Found a shadowy altar of Dithmenos.
  9190 | D:11     | Noticed a hill giant
  9196 | D:11     | Killed a hill giant
  9303 | D:11     | Noticed a red ugly thing
  9313 | D:11     | Killed a red ugly thing
  9343 | D:11     | Noticed Arkorax's ghost (journeyman VSFi)
  9350 | D:11     | Killed Arkorax's ghost
  9794 | D:12     | Reached skill level 14 in Axes
 10331 | D:12     | Identified a scroll of acquirement
 10334 | D:12     | Got a shimmering buckler
 10608 | D:13     | Noticed a green ugly thing
 10618 | D:13     | Killed a green ugly thing
 10737 | D:13     | Noticed an eight-headed hydra
 10763 | D:13     | Noticed a six-headed hydra
 10861 | D:13     | HP: 5/133 [12-headed hydra (5)]
 10861 | D:13     | HP: 1/133 [12-headed hydra (4)]
 10861 | D:13     | Mangled by a 12-headed hydra

Vault maps used:
D:1:      sevenhm_arrival_forest_fort_large_2, minmay_heptomino_l4
D:2:      cheibriados_altar_1, nicolae_overflow_hidden_temple, uniq_iyjb
D:3:      first_bread
D:4:      kennysheep_mini_moat, enter_ossuary_1, gup_sewer_entry_bubbles,
          uniq_grinder
D:6:      wad_guarded_room, tso_metal_star, sword_in_stone, uniq_eustachio
D:7:      nicolae_overflow_crystal_walls, makhleb_blood_cavern_becter
D:8:      david_lair_generic, grunt_ogre_cave
D:9:      erik_orc_3
D:10:     serial_shops, shop_fountains, shop, uniq_urug
D:11:     nicolae_dithmenos_the_darkroom
D:12:     abandoned_shop, kennysheep_generic_room_10
D:13:     lightli_vaults_fourway_checkpoint

Skill      XL: |  1  2  3  4  5  6  7  8  9 10 11 |
---------------+----------------------------------+-----
Axes           | 3 5 6 7 9 11 12 14 | 14.9
Fighting       | 9 10 | 10.0
Armour         | |  1.7
Dodging        | |  1.7

Action                   |  1- 3 |  4- 6 |  7- 9 | 10-12 || total
-------------------------+-------+-------+-------+-------++-------
Melee: Hand axe          |    76 |    89 |   260 |       ||   425
       Battleaxe         |       |       |   141 |   321 ||   462
Throw: Tomahawk          |       |       |     1 |     1 ||     2
Invok: Berserk           |     4 |     2 |     6 |     7 ||    19
       Trog's Hand       |     1 |     3 |       |     1 ||     5
  Use: Scroll            |       |       |    16 |     8 ||    24
  Eat: Chunk             |     4 |     2 |    12 |    20 ||    38
       Meat ration       |       |     1 |     1 |       ||     2
       Royal jelly       |       |       |     1 |       ||     1
       Fruit             |       |       |     3 |     1 ||     4
       Pizza             |       |       |       |     1 ||     1
Armor: Chain mail        |    28 |    39 |   178 |   181 ||   426
       Ring mail         |     7 |       |       |       ||     7
Dodge: Dodged            |    18 |    21 |    94 |   111 ||   244
Block: Buckler           |     7 |    10 |    11 |       ||    28
       Shield            |       |       |    43 |       ||    43
